 Dungeon Crawl Stone Soup version 0.19.5 (webtiles) character file.

51 tidbits the Skirmisher (level 3, 0/27 HPs)
             Began as a High Elf Wanderer on Oct 29, 2017.
             Shot with a stone by a goblin (5 damage)
             ... led by Robin
             ... on level 2 of the Dungeon.
             The game lasted 00:04:08 (417 turns).

tidbits the Skirmisher (High Elf Wanderer)           Turns: 417, Time: 00:04:09

Health: 0/27       AC:  2    Str: 10    XL:     3   Next: 58%
Magic:  4/4        EV: 13    Int: 17    God:
Gold:   34         SH:  0    Dex: 15    Spells: 0 memorised, 2 levels left

rFire  . . .     SeeInvis .     b - +2 hand crossbow
rCold  . . .     Gourm    .     e - +0 robe
rNeg   . . .     Faith    .     (no shield)
rPois  .         Spirit   .     (no helmet)
rElec  .         Reflect  .     (no cloak)
rCorr  .         Harm     .     (no gloves)
MR     .....                    (no boots)
Stlth  ++........               (no amulet)
                                (no ring)
                                (no ring)

@: flying, very slightly contaminated, invisible
A: no striking features
a: no special abilities


You were on level 2 of the Dungeon.
You were not hungry.

You visited 1 branch of the dungeon, and saw 2 of its levels.

You collected 34 gold pieces.

Inventory:

Hand Weapons
 a - a +0 quarterstaff
 b - a +2 hand crossbow (weapon)
 f - a +0 dagger
 m - a +4 dagger of speed
   (You took it off a kobold on level 1 of the Dungeon)
 r - a +0 hunting sling
   (You found it on level 2 of the Dungeon)
Missiles
 g - a bolt (quivered)
 k - 30 sling bullets
 n - 5 stones
Armour
 e - a +0 robe (worn)
Scrolls
 j - a scroll of noise {unknown}
 q - a scroll of amnesia {unknown}
Potions
 d - a potion of lignification
 p - a potion of curing {unknown}
Comestibles
 c - a bread ration
 h - 3 fruits
 i - a meat ration


   Skills:
 + Level 4.7 Fighting
 - Level 1.0 Crossbows
 - Level 1.0 Armour
 + Level 2.3 Dodging
 - Level 3.2 Stealth
   Level 1.0 Shields


You had 2 spell levels left.
You didn't know any spells.

Dungeon Overview and Level Annotations

Branches:
Dungeon (2/15)

Altars:
Hepliaklqana


Message History

* * * LOW HITPOINT WARNING * * *
Firing (i - inventory. (,) - cycle):
g - 13 bolts (quivered)
Press: ? - help, Shift-Dir - straight line, f/p - Robin
Aim: Robin, wielding a whip, wearing a glowing animal skin and wearing a helmet You shoot a bolt.
The bolt hits the giant cockroach!
You kill the giant cockroach!
A hobgoblin comes into view.
Firing (i - inventory. (,) - cycle):
g - 12 bolts (quivered)
Press: ? - help, Shift-Dir - straight line, f/p - Robin
Aim: Robin, wielding a whip, wearing a glowing animal skin and wearing a helmet You shoot a bolt.
The bolt closely misses the goblin.
The hobgoblin shouts!
The bolt hits Robin!
Robin is heavily wounded.
The goblin barely misses you.
Robin roars a battlecry!
The goblins go into a battle-frenzy!
The goblin closely misses you.
A hobgoblin comes into view. It is wielding a club.
The hobgoblin shouts!
You hear a shout!
Firing (i - inventory. (,) - cycle):
g - 11 bolts (quivered)
Press: ? - help, Shift-Dir - straight line, f - hobgoblin, p - Robin
Aim: a hobgoblin, wielding a club (unusually strong)
You shoot a bolt. The bolt hits the goblin!
You kill the goblin!
Robin barely misses you.
Firing (i - inventory. (,) - cycle):
g - 10 bolts (quivered)
Press: ? - help, Shift-Dir - straight line, f/p - hobgoblin
Aim: a hobgoblin, wielding a club (unusually strong)
You shoot a bolt. The bolt hits Robin.
Robin is severely wounded.
Robin hits you but does no damage.
Firing (i - inventory. (,) - cycle):
g - 9 bolts (quivered)
Press: ? - help, Shift-Dir - straight line, f/p - hobgoblin
Aim: a hobgoblin, wielding a club (unusually strong)
You shoot a bolt. The bolt closely misses Robin.
The bolt hits the hobgoblin.
The hobgoblin is moderately wounded.
Robin hits you but does no damage.
Firing (i - inventory. (,) - cycle):
g - 8 bolts (quivered)
Press: ? - help, Shift-Dir - straight line, f - hobgoblin, p - hobgoblin
Aim: a hobgoblin, wielding a club You shoot a bolt.
The bolt hits Robin.
Robin is severely wounded.
Robin barely misses you. Robin hits you with a whip.
* * * LOW HITPOINT WARNING * * *
Firing (i - inventory. (,) - cycle):
g - 7 bolts (quivered)
Press: ? - help, Shift-Dir - straight line, f - goblin, p - hobgoblin
Aim: a goblin, wielding a dagger You shoot a bolt.
The bolt hits Robin but does no damage.
Robin is heavily wounded.
Robin closely misses you.
Firing (i - inventory. (,) - cycle):
g - 6 bolts (quivered)
Press: ? - help, Shift-Dir - straight line, f/p - goblin
Aim: a goblin, wielding a dagger You shoot a bolt.
The bolt hits Robin!
You kill Robin!
Firing (i - inventory. (,) - cycle):
g - 5 bolts (quivered)
Press: ? - help, Shift-Dir - straight line, f/p - goblin
Aim: a goblin, wielding a dagger You shoot a bolt.
The bolt barely misses the hobgoblin.
The bolt hits the hobgoblin.
The hobgoblin is lightly wounded.
The hobgoblin hits you.
* * * LOW HITPOINT WARNING * * *
The hobgoblin hits you.
* * * LOW HITPOINT WARNING * * *
Firing (i - inventory. (,) - cycle):
g - 4 bolts (quivered)
Press: ? - help, Shift-Dir - straight line, f/p - goblin
Aim: a goblin, wielding a dagger You shoot a bolt.
The bolt closely misses the hobgoblin. x2
The bolt hits the hobgoblin!
You kill the hobgoblin!
The hobgoblin hits you.
* * * LOW HITPOINT WARNING * * *
It was a potion of flight.
You feel very buoyant.
You fly up into the air.
The hobgoblin closely misses you.
It was a potion of invisibility.
You fade into invisibility!
The goblin unwields an uncursed dagger.
The goblin wields a hunting sling.
The goblin shoots a stone.
The stone closely misses the hobgoblin.
The stone hits the hobgoblin.
The hobgoblin dies!
You are very lightly contaminated with residual magic.
The goblin shoots a stone.
The stone hits the hobgoblin.
The goblin shoots a stone.
The stone closely misses the hobgoblin.
The stone closely misses you.
Firing (i - inventory. (,) - cycle):
g - 3 bolts (quivered)
Press: ? - help, Shift-Dir - straight line, f/p - goblin
Aim: a goblin, wielding a hunting sling You shoot a bolt.
The bolt barely misses the hobgoblin.
The bolt closely misses the goblin.
The hobgoblin no longer looks unusually strong.
Firing (i - inventory. (,) - cycle):
g - 2 bolts (quivered)
Press: ? - help, Shift-Dir - straight line, f/p - goblin
Aim: a goblin, wielding a hunting sling You shoot a bolt.
The bolt hits the hobgoblin!
You kill the hobgoblin!
The goblin shoots a stone.
The stone hits you.
You die...

######## #.#
.......###.#
#.....# #.#####
#.# #.# #.#
##########.#
#(@.()(g...#
#.########.# # #.
#####.##...# ..
#..(.......#
..#gg.(.....##...#
.#g g###g##..# .##
##.. .. #... .. ##
#g. ..### ## ..
#..


You could see 2 goblins.

Vanquished Creatures
  Robin (D:2)
  An adder (D:2)
  A worm (D:2)
  A leopard gecko (D:1)
  A giant cockroach (D:2)
  2 hobgoblins (D:2)
  2 jackals (D:1)
  2 bats (D:1)
  7 goblins
  6 kobolds
  5 rats (D:1)
29 creatures vanquished.

Vanquished Creatures (others)
  A hobgoblin (D:2)
1 creature vanquished.

Grand Total: 30 creatures vanquished

Notes
Turn   | Place    | Note
-------+----------+-------------------------------------------
     0 | D:1      | tidbits the High Elf Wanderer began the quest for the Orb.
     0 | D:1      | tidbits set off with: a +2 hand crossbow, 23 bolts, a +0 quarterstaff, a potion of lignification, a +0 robe, a +0 dagger, a bread ration
     0 | D:1      | Reached XP level 1. HP: 17/17 MP: 2/2
    90 | D:1      | Reached XP level 2. HP: 10/22 MP: 3/3
   126 | D:1      | Reached skill level 1 in Dodging
   327 | D:2      | Found a hazy altar of Hepliaklqana.
   356 | D:2      | Reached XP level 3. HP: 27/27 MP: 4/4
   387 | D:2      | Noticed Robin
   401 | D:2      | Reached skill level 2 in Dodging
   409 | D:2      | Killed Robin
   417 | D:2      | Shot with a stone by a goblin

Skill      XL: |  1  2  3 |
---------------+----------+-----
Dodging        | 1 2 |  2.3
Fighting       | |  4.7
Crossbows      | |  1.0
Armour         | |  1.0
Stealth        | |  3.2
Shields        | |  1.0

Action                   || total
-------------------------++-------
Melee: Quarterstaff      ||    17
 Fire: Hand crossbow     ||    38
  Use: Potion            ||     2
 Stab: Sleeping          ||     1
Armor: Robe              ||     4
Dodge: Dodged            ||    27

Table legend:
 A = Turns spent in this place as a percentage of turns spent in the entire game.
 B = Non-inter-level travel turns spent in this place as a percentage of non-inter-level travel turns spent in the entire game.
 C = Inter-level travel turns spent in this place as a percentage of turns spent in this place.
 D = Turns resting spent in this place as a percentage of non-inter-level travel turns spent in this place.
 E = Turns spent auto-exploring this place as a percentage of non-inter-level travel turns spent in this place.
 F = Non-inter-level travel turns spent in this place divided by the number of levels of this place that you've seen.
                   A       B       C       D       E      F
               +-------+-------+-------+-------+-------+----------------------
         Total | 100.0 | 100.0 |   0.0 |   0.0 |   0.0 | 185.5
       Dungeon | 100.0 | 100.0 |   0.0 |   0.0 |   0.0 | 185.5
               +-------+-------+-------+-------+-------+----------------------

Table legend:
 A = Kills in this place as a percentage of kills in entire the game.
 B = Kills by you in this place as a percentage of kills by you in the entire game.
 C = Kills by friends in this place as a percentage of kills by friends in the entire game.
 D = Other kills in this place as a percentage of other kills in the entire game.
 E = Experience gained in this place as a percentage of experience gained in the entire game.
 F = Experience gained in this place divided by the number of levels of this place that you have seen.
                   A       B       C       D       E      F
               +-------+-------+-------+-------+-------+----------------------
         Total | 100.0 | 100.0 |  -nan |  -nan | 100.0 |  37.0
       Dungeon | 100.0 | 100.0 |  -nan |  -nan | 100.0 |  37.0
               +-------+-------+-------+-------+-------+----------------------

Vault maps used:
D:1:      dpeg_arrival_simpleton_c, minmay_tromino_v4_a
D:2:      nicolae_overflow_hidden_temple, nicolae_overflow_crystal_walls,
          uniq_robin
